AoeStats
← Abetterhandle

African Clearing

510488900Analyzed
2v2 RM · 1d ago on Oct 1, 2026· 68m 12s· 4 players
Game mode
Random Map
Map size
Medium (4 player)
Population
200
Speed
Normal
Resources
Standard
Victory
Conquest
Starting age
Dark Age
Ending age
Imperial Age
RankedLock teamsTeams togetherTeam positionsShared explorationLock speedFull tech treeHidden civsTurbo modeCheats
Victory
Defeat
🇷🇺 Inca · Russia
948
+14
🇷🇺 Tatars · Russia
938
+14
🇳🇿 Varangians · New Zealand
902
-14
🇹🇷 Chinese · Türkiye
889
-14
Abetterhandle
4:01 Loom
4:40 Loom
13:46 Feudal Age
14:16 Double-Bit Axe
19:16 Castle Age
18:14 Forging
18:22 Bloodlines
22:33 Forging
28:17 Scale Barding Armor
33:37 Bow Saw
34:13 Husbandry
34:53 Horse Collar
35:31 Fletching
37:47 Iron Casting
39:37 Chain Barding Armor
44:00 Imperial Age
45:56 Conscription
48:26 Bodkin Arrow
53:07 Cavalier
55:13 Ballistics
55:21 Heavy Plow
56:21 Elite Jarl
56:27 Vendel Legacy
61:10 Two-Man Saw
60:10 Elite Skirmisher
61:00 Padded Archer Armor
JiLeTT
13:22 Feudal Age
20:35 Castle Age
19:28 Double-Bit Axe
19:51 Stone Mining
22:08 Gold Mining
23:22 Fletching
28:32 Bodkin Arrow
32:12 Wheelbarrow
33:48 Bow Saw
35:02 Hand Cart
36:21 Horse Collar
36:26 Pikeman
37:11 Scale Mail Armor
37:57 Heavy Plow
38:39 Gold Shaft Mining
41:43 Squires
41:29 Arson
41:59 Forging
48:21 Imperial Age
52:25 Two-Man Saw
54:57 Scale Barding Armor
55:45 Iron Casting
54:36 Light Cavalry
56:18 Bloodlines
57:31 Husbandry
59:40 Fortified Wall
59:41 Masonry
60:07 Elite Skirmisher
Nihad 愛
7:27 Loom
16:24 Feudal Age
22:50 Castle Age
20:56 Stone Mining
21:46 Gold Mining
22:20 Horse Collar
24:46 Scale Mail Armor
24:59 Forging
25:35 Heavy Plow
25:25 Double-Bit Axe
29:38 Husbandry
30:42 Bloodlines
31:09 Iron Casting
40:10 Imperial Age
39:12 Gold Shaft Mining
39:14 Wheelbarrow
38:25 Town Watch
40:30 Silk Armor
41:21 Conscription
42:05 Blast Furnace
41:13 Scale Barding Armor
42:26 Elite Keshik
50:33 Heavy Cavalry Archer
51:58 Padded Archer Armor
51:49 Fletching
52:21 Chain Barding Armor
53:42 Leather Archer Armor
53:23 Bodkin Arrow
55:18 Chemistry
54:39 Ballistics
55:24 Chemistry
54:39 Heavy Camel Rider
57:14 Plate Barding Armor
57:10 Ring Archer Armor
56:41 Bracer
Jer
5:08 Loom
17:53 Feudal Age
18:10 Champi Runner
20:58 Arson
28:01 Castle Age
47:29 Double-Bit Axe
50:33 Horse Collar
51:50 Stone Mining
52:54 Heavy Plow
56:30 Bow Saw
57:58 Forging
57:49 Scale Mail Armor
58:44 Scale Mail Armor
59:28 Squires
60:11 Champi Warrior
61:19 Chain Mail Armor
62:05 Iron Casting
62:58 Gold Mining
69:25 Gold Shaft Mining
Connection lost

Rejoining the realm…

Still unreachable

The connection could not be restored.

Session expired

The server has moved on; the page needs a fresh start.